[Event "American Cup Women Champions 2023"]
[Site "Saint Louis"]
[Date "2023.03.20"]
[Round "2.1"]
[White "Krush, Irina"]
[Black "Tokhirjonova, Gulrukhbegim"]
[Result "1-0"]
[ECO "D25"]
[WhiteElo "2432"]
[BlackElo "2332"]
[Annotator "TA"]
[PlyCount "101"]
[EventDate "2023.03.15"]
[EventType "k.o."]
[EventCountry "USA"]
[SourceTitle "playchess.com"]
[Source "ChessBase"]
[SourceQuality "1"]
[TimeControl "5400+30"]

1. Nf3 d5 2. d4 Nf6 3. c4 dxc4 4. e3 Bg4 5. Bxc4 e6 6. h3 Bh5 7. Qb3 {[%emt 0:08:51] [#] D25: Queen's Gambit Accepted: 4 e3: sidelines and 4...Bg4.} Nbd7 $146 ({Predecessor:} 7... Bxf3 8. gxf3 Nbd7 9. Nc3 Rb8 10. e4 b5 11. Be2 c5 12. Bf4 cxd4 13. Bxb8 Qxb8 14. Nxb5 Bc5 15. Rd1 e5 16. f4 {1-0 Bernadskiy,V (2594)-Godena,M (2448) Spilimbergo op 19th 2021 (4)}) 8. Qxb7 c5 9. Nbd2 $1 {[%emt 0:07:39] White is slightly better.} Rb8 10. Qa6 {[%emt 0:09:57] White is much more active.} Qc7 11. Bb5 (11. O-O $16) 11... Rb6 $14 12. Qa4 a6 13. Be2 cxd4 14. exd4 (14. Nxd4 Bxe2 15. Nxe2 (15. Kxe2 Bb4 $11) 15... Be7) 14... Bg6 (14... Bd6 $14) 15. O-O (15. Bxa6 $6 Be7 $14) 15... Bc2 (15... Be7 $16) 16. Nb3 (16. b3 $18) 16... Bd6 17. Bd2 {[%emt 0:05:47][%cal Of1c1] Hoping for Rfc1!} (17. Bxa6 O-O 18. Be2 Qb7 $11) 17... Qb8 (17... O-O $16 {was called for.}) 18. Rfc1 (18. Bxa6 O-O $14) (18. Ne5 $18) 18... Bxb3 $16 19. axb3 {[%emt 0:00:03] [#] Ne5 is the strong threat.} O-O 20. Bc4 h6 21. Re1 Bf4 (21... Rb7 $142) 22. Qa5 ({Don't take} 22. Bxa6 Bxd2 23. Nxd2 Rb4 $14) (22. Bc3 $16) 22... Bxd2 $14 23. Qxd2 Nd5 24. Ra5 N7f6 25. Ne5 ({Much weaker is} 25. Bxa6 Rxb3 26. Ne5 Qb6 $11) 25... Nb4 26. Ra4 Qb7 27. Nd3 Nxd3 28. Qxd3 ({Reject} 28. Bxd3 Rxb3 29. Rb1 Rb6 $11) 28... Rd8 (28... Rb8 $14) 29. Rxa6 $16 Rxa6 30. Bxa6 Qb6 31. Rd1 e5 32. Bc4 Rxd4 33. Qe2 Ne4 34. Rxd4 Qxd4 {[%emt 0:00:02][%mdl 4096] Endgame KQB-KQN} 35. b4 Nd2 (35... Nxf2 36. Bxf7+ Kxf7 37. Qxf2+ Ke6 38. Qxd4 exd4 39. Kf2 $18) (35... Kf8 $142) 36. b3 e4 $2 (36... Kf8 $16) 37. Qe3 $18 Qa1+ 38. Kh2 Qe5+ 39. Qg3 Qf6 40. b5 {[%emt 0:00:27] Threatens to win with Qe3.} g5 (40... Kh7 {is a better defense.} 41. Qe3 Qd6+ 42. Kh1 f5) 41. Qe3 Qe5+ 42. Qg3 Qf6 43. Qe3 $2 (43. Be2) 43... Qe5+ {[%emt 0:00:01] [#]} 44. g3 $1 Nf3+ 45. Kg2 Kg7 46. b6 f5 (46... Nd4 $142 47. b7 Nc6) 47. b7 {[%emt 0:00:27] White wants to mate with Qa7.} Qa1 {[%emt 0:00:31] Wards off Qa7} 48. Bf1 (48. b8=B $2 Qg1#) 48... Qe5 49. Qa7 {[%emt 0:00:17] White mates.} Ne1+ 50. Kh1 Qd5 51. b8=Q+ {[%emt 0:00:11] Weighted Error Value: White=0.29 (precise) /Black=0.35} 1-0

[Event "American Cup Women Champions 2023"]
[Site "Saint Louis"]
[Date "2023.03.20"]
[Round "2.1"]
[White "Lee, Alice"]
[Black "Paikidze, Nazi"]
[Result "1/2-1/2"]
[ECO "A43"]
[WhiteElo "2362"]
[BlackElo "2314"]
[Annotator "TA"]
[PlyCount "139"]
[EventDate "2023.03.15"]
[EventType "k.o."]
[EventCountry "USA"]
[SourceTitle "playchess.com"]
[Source "ChessBase"]
[SourceQuality "1"]
[TimeControl "5400+30"]

1. d4 c5 2. d5 g6 3. Nc3 Bg7 4. e4 d6 5. Nf3 Nf6 6. Bb5+ Bd7 7. a4 a6 {[%emt 0:00:03] A43: Schmid Benoni.} (7... O-O $11) 8. Be2 $16 Bg4 9. h3 Bxf3 {[%emt 0:00:20] White is slightly better.} 10. Bxf3 Nbd7 {[%emt 0:07:10] [#]} 11. Be2 $146 ({Predecessor:} 11. g4 Ne5 12. Bg2 h6 13. O-O O-O 14. Qe2 Qc7 15. Be3 g5 16. b3 Ng6 17. Qd2 Nd7 18. Rad1 Qa5 {½-½ Auer,G (1932)-Tapia Egoavil,C (1799) Regionalliga Nord-Ost 1819 2018 (4.7)}) 11... Qa5 12. O-O ({White should try} 12. Bd2 $14) 12... b5 $1 $11 13. Bf3 (13. axb5 $2 {loses.} Qxa1 14. bxa6 O-O $19) 13... b4 14. Nb1 Ne5 15. Bf4 Nxf3+ 16. Qxf3 Nd7 17. Nd2 Qc7 18. Qb3 c4 19. Nxc4 Rc8 20. Nd2 Qxc2 21. Qxc2 Rxc2 22. Rac1 Rxc1 23. Rxc1 {[%emt 0:00:02][%cal Rc1c8] [#]} Nc5 24. Rc4 a5 25. Be3 {[%emt 0:02:24] And now b3 would win.} Nxa4 26. b3 {[%emt 0:00:01] Threatens to win with Rc8+.} Nc3 27. Bb6 O-O {[%emt 0:01:37] ...Bh6 is the strong threat.} (27... f5 $5 ) 28. Bxa5 Ra8 29. Bxb4 Ne2+ 30. Kh2 (30. Kf1 {was preferrable.} Nf4 31. Nf3) 30... Bd4 31. Rc2 (31. g3 $11) 31... Bxf2 $15 32. Nf1 {[%emt 0:00:23] Wards off Bg3+} Bg1+ (32... Ra1 $1 $15 33. g4 Bd4 34. Rxe2 Rxf1) 33. Kh1 $11 Ra1 $1 34. Rxe2 Rxf1 35. Re1 Rxe1 36. Bxe1 {[%emt 0:00:02][%mdl 4096] Endgame KB-KB} Bd4 37. g4 Kg7 38. Kg2 f5 $2 39. gxf5 $2 (39. exf5 $18 gxf5 40. g5 (40. gxf5 Kf6 $11)) 39... gxf5 {[%emt 0:00:04] The position is equal.} 40. Kf3 Kf6 41. b4 {[%emt 0:01:58] Bh4+ would be deadly.} Bb6 $1 42. Kf4 e5+ 43. dxe6 fxe4 44. Kxe4 Kxe6 45. h4 d5+ 46. Kf4 Kf6 47. Bc3+ Ke6 48. Be1 Kf6 49. h5 Ke6 50. Bd2 Kf6 51. Bc3+ Ke6 52. Bg7 Kf7 53. Be5 Ke6 54. Bb2 Bf2 55. Kf3 Bb6 56. Kf4 Bf2 57. Bg7 Kf7 58. h6 Ke6 59. Bf8 Bb6 60. Bc5 Bxc5 61. bxc5 {[%emt 0:00:02] KPP-KPP} d4 62. Ke4 d3 $1 {[%emt 0:00:02][%mdl 64] [#] ( -> ...d2). Deflection} 63. Kxd3 {[%emt 0:00:11] Threatening mate with Ke4. KPP-KP} Kd5 64. Ke3 Kxc5 {[%emt 0:00:03] KP-KP} 65. Ke4 Kd6 66. Kf5 Ke7 67. Ke5 Kf7 68. Kf5 Ke7 69. Ke5 Kf7 70. Kf5 {[%emt 0:00:15] Weighted Error Value: White=0.15 (very precise) /Black=0.21 (precise)} 1/2-1/2

[Event "American Cup Women Champions 2023"]
[Site "Saint Louis"]
[Date "2023.03.20"]
[Round "2.2"]
[White "Tokhirjonova, Gulrukhbegim"]
[Black "Krush, Irina"]
[Result "1/2-1/2"]
[ECO "D40"]
[WhiteElo "2332"]
[BlackElo "2432"]
[Annotator "TA"]
[PlyCount "106"]
[EventDate "2023.03.15"]
[EventType "k.o."]
[EventCountry "USA"]
[SourceTitle "playchess.com"]
[Source "ChessBase"]
[SourceQuality "1"]
[TimeControl "5400+30"]

1. c4 e6 2. Nc3 d5 3. e3 dxc4 4. Bxc4 Nf6 5. Nf3 c5 6. O-O a6 7. Be2 Nc6 8. d4 cxd4 9. exd4 Be7 10. a3 O-O 11. Re1 b5 12. Bg5 Bb7 13. Bd3 {[%emt 0:04:49] [#]} Rc8 $146 {[%emt 0:07:48] D40: Queen's Gambit Declined: Semi-Tarrasch with 5 e3.} ({Predecessor:} 13... h6 14. Be3 b4 15. Ne2 Nd5 16. Ng3 Nxe3 17. fxe3 Qb6 18. Bc2 Rad8 19. Qd3 g6 20. h4 Qc7 21. h5 Qxg3 22. hxg6 Ne5 23. gxf7+ Rxf7 {0-1 Jung,B (1899)-Isserman,R (2273) Rhein Main op 11th 2008 (1)}) 14. Rc1 Na5 (14... h6 {simplifies} 15. Be3 b4 16. axb4 Nxb4 17. Bb1 Nbd5) 15. Ne5 (15. Bxf6 {simplifies} Bxf6 16. Be4 Bc6 17. Qe2) 15... Nc4 {[%emt 0:01:08] Black has an edge.} 16. Bb1 (16. Bxc4 $11 {remains equal.} bxc4 17. f3) 16... g6 $1 $17 (16... Nxb2 17. Qc2 Rxc3 18. Qxc3 $16) 17. Bh6 Nxb2 18. Qb3 (18. Qe2 $142 Nc4 19. Bxf8 Kxf8 20. Ne4 (20. Nxf7 Kxf7 21. Qxe6+ Kf8 $17)) 18... Nc4 19. Bxf8 Bxf8 20. Nxc4 (20. Ne2 $17) 20... Rxc4 $19 21. Ne2 Ra4 22. Nf4 Rxa3 (22... Rxd4 $2 23. Rcd1 $19) 23. Qb2 Ra4 24. Rcd1 Qd6 25. Ne2 Ng4 26. Ng3 Bg7 $1 27. Qe2 {[%emt 0:01:00] [#]} Bxd4 28. Qxg4 $17 {[%emt 0:03:08] [#]} Bxf2+ $1 {[%emt 0:00:07][%mdl 576] Discovered Attack, Double Attack. This pair of bishops is nice. White is weak on the dark squares} 29. Kf1 (29. Kxf2 $2 Qc5+ 30. Re3 Rxg4 $19) 29... Rxg4 ({Don't do} 29... Bxe1 30. Qxa4 Bd5 31. Qg4 Bxg3 32. Qxg3 $16 (32. hxg3 Qc6 $14)) 30. Rxd6 Bxe1 31. Kxe1 h5 32. Rb6 Bd5 {[%emt 0:00:22] ...h4 would be deadly.} 33. Bd3 {[%emt 0:02:07] [#]} (33. Rxa6 $142 Bxg2 34. Rb6) 33... h4 (33... Ra4 $1 $17 {Threatens to win with ...h4.} 34. Kf2 Ra3) 34. Nf1 $1 $15 Rxg2 {[%emt 0:07:40] Strongly threatening ...Ra2.} 35. Rxa6 b4 {[%emt 0:01:39][%cal Bb5b4,Bb4b3][%mdl 32] White must now prevent ...b3.} 36. Rb6 b3 {[%emt 0:00:19] And now ...h3 would win.} 37. h3 (37. Ne3 $15 Rxh2 38. Nxd5 exd5 39. Rxb3) 37... Kg7 38. Ne3 (38. Ba6 {might work better.}) 38... Rg3 $1 $19 39. Ke2 Bf3+ (39... Rxh3 $2 {loses.} 40. Nxd5 exd5 41. Rxb3 $19) 40. Kf2 Rxh3 41. Rxb3 Bh5 42. Be4 Rh2+ 43. Kg1 Re2 44. Bg2 g5 45. Bf1 Rd2 46. Rb5 Kf6 47. Rb4 Bf3 48. Ra4 Rb2 49. Bh3 Re2 50. Ra3 Rb2 51. Ra4 $1 {[%emt 0:00:55] Against Rb4} Re2 52. Ra3 Rb2 53. Ra4 $1 {[%emt 0:01:09] Against Rb4} Re2 $2 {[%emt 0:00:48] Weighted Error Value: White=0.18 (very precise) /Black=0.35} ({Black should play} 53... Be2 $19 54. Bg2 Ke5 55. Ng4+ Bxg4 56. Rxg4 Kf5) 1/2-1/2

[Event "American Cup Women Champions 2023"]
[Site "Saint Louis"]
[Date "2023.03.20"]
[Round "2.2"]
[White "Paikidze, Nazi"]
[Black "Lee, Alice"]
[Result "0-1"]
[ECO "D12"]
[WhiteElo "2314"]
[BlackElo "2362"]
[Annotator "TA"]
[PlyCount "76"]
[EventDate "2023.03.15"]
[EventType "k.o."]
[EventCountry "USA"]
[SourceTitle "playchess.com"]
[Source "ChessBase"]
[SourceQuality "1"]
[TimeControl "5400+30"]

1. d4 d5 2. c4 c6 3. Nf3 Nf6 4. e3 Bf5 5. Nc3 e6 6. Nh4 Bg6 7. Nxg6 hxg6 8. Bd2 {[%emt 0:01:11] D12: Slav Defence: 3 Nf3 Nf6 4 e3 Bf5.} Nbd7 9. Qc2 Rc8 10. c5 {[%emt 0:00:45] The position is equal. 10.Be2 is a critical line.} Be7 {[%emt 0:02:33] [#]} 11. g3 $146 ({Predecessor:} 11. b4 e5 12. g3 O-O 13. Bh3 e4 14. Bf1 Nh7 15. Be2 Ndf6 16. Qd1 Qd7 17. h3 {½-½ Karpenko,A (2329)-Baranowski,T (2405) EU-ch 2019 sf05 email}) 11... e5 12. O-O-O Ng4 13. Be1 Rxh2 (13... Nxh2 $2 14. f3 $18) 14. Rxh2 Nxh2 15. Bh3 (15. Be2 $11) 15... e4 $17 16. f4 Nf3 17. Bf2 Qa5 (17... f5 $17 {Threatens to win with ...Nf6.} 18. g4 g5 19. gxf5 gxf4) 18. Rh1 Rc7 19. g4 {[%emt 0:09:54] [#]} (19. Bg4 $11 {keeps the balance.}) 19... b6 $1 20. cxb6 Nxb6 21. Bg2 {[%emt 0:19:51] [#]} Nc4 {[%emt 0:10:31] A dynamic duo of knights.} (21... c5 $1 $17 {[%cal Rc5d4] White must now prevent ...cxd4.} 22. Bxf3 cxd4 23. exd4 (23. Rh8+ $2 Kd7 $19) 23... Na4) 22. Rh8+ ({But not} 22. Nxe4 $2 Rb7 23. b3 (23. Bxf3 $2 {too greedy.} Rxb2 $19) 23... dxe4 $19) 22... Kd7 {[%emt 0:00:24] And now ...Rb7 would win.} 23. Rb8 {[%emt 0:01:54] Wards off Rb7} Rc8 {[%emt 0:04:16] Dancing on a razor blade. Black has more active pieces.} 24. Rxc8 Kxc8 25. Bxf3 {[%emt 0:06:57] White does not recover from this.} ({Don't blunder} 25. Nxe4 $2 Ne1 26. Qc3 Qxc3+ 27. Nxc3 Nd3+ 28. Kd1 Nxf2+ $19) (25. Bf1 $17 {was the only chance.} Nfd2 26. Be2) 25... exf3 $19 26. e4 Bb4 27. Nb1 (27. exd5 Bxc3 28. Qxc3 Qxd5 29. Qb3) 27... Qxa2 {[%emt 0:02:07] Hoping for ...dxe4.} 28. exd5 cxd5 29. f5 g5 30. f6 (30. b3 $142 Qxc2+ 31. Kxc2) 30... g6 {[%emt 0:01:04] ...Bd6 would be deadly.} 31. Be3 (31. b3 $142 Qxc2+ 32. Kxc2) 31... Kd7 32. Bxg5 {[%emt 0:01:47] [#]} Qxb2+ $1 {[%emt 0:01:03][%mdl 512] Black mates.} 33. Qxb2 Nxb2 34. Nd2 Bxd2+ 35. Kxd2 {[%emt 0:00:08] KB-KN} Nc4+ 36. Ke1 Nd6 37. Bc1 Ne4 38. g5 f2+ {[%emt 0:00:06] Weighted Error Value: White=0.81/Black=0.43} 0-1

[Event "American Cup Women Champions 2023"]
[Site "Saint Louis"]
[Date "2023.03.21"]
[Round "3.1"]
[White "Krush, Irina"]
[Black "Lee, Alice"]
[Result "1/2-1/2"]
[ECO "B10"]
[WhiteElo "2432"]
[BlackElo "2362"]
[Annotator "TA"]
[PlyCount "64"]
[EventDate "2023.03.15"]
[EventType "k.o."]
[EventCountry "USA"]
[SourceTitle "playchess.com"]
[Source "ChessBase"]
[SourceQuality "1"]
[TimeControl "5400+30"]

1. c4 c6 2. e4 d5 3. exd5 cxd5 4. cxd5 Nf6 5. Nc3 g6 6. Bc4 Bg7 7. Nge2 O-O {[%emt 0:05:19] B10: Caro-Kann: 2 d3 and 2 c4.} 8. O-O Nbd7 9. d3 a6 {[%emt 0:08:19] White is slightly better.} 10. a4 $1 b6 11. h3 {[%emt 0:16:34] White is more active.} Bb7 {[%emt 0:04:31] [#]} 12. d4 $146 (12. Be3 $14) ({Predecessor:} 12. Be3 Rc8 13. Rc1 Ne8 14. Ne4 Nd6 15. Nxd6 exd6 16. Nd4 Qh4 17. Nc6 Bxb2 18. Rb1 {1-0 Netzer,J (2208)-Saada,J (2304) FRA-ch Accession 2010 (1)}) 12... b5 $11 {[%emt 0:04:43] The position is equal.} 13. axb5 Nb6 14. Bd3 (14. bxa6 $2 {perishes.} Nxc4 15. Qd3 Nd6 $17) 14... axb5 15. Rxa8 Qxa8 16. Bxb5 Nfxd5 17. Nxd5 Bxd5 18. Nf4 Bb7 19. Re1 e6 20. Bf1 Rd8 21. Qb3 Bxd4 22. Be3 Bxe3 23. Qxe3 Nd5 24. Nxd5 Rxd5 25. b4 Bc6 26. g3 Rd7 27. b5 Bb7 28. Qe5 Qa3 29. Qb8+ Kg7 {[%emt 0:00:12] [#] ...Qf3 is the strong threat.} 30. Qe5+ Kg8 {[%emt 0:00:06] ...Qf3 would be deadly.} 31. Qb8+ Kg7 {[%emt 0:00:23] And now ...Qf3 would win.} 32. Qe5+ Kg8 {[%emt 0:01:02] Weighted Error Value: White=0.06 (flawless) /Black=0.05 (flawless)} 1/2-1/2

[Event "American Cup Women Champions 2023"]
[Site "Saint Louis"]
[Date "2023.03.22"]
[Round "3.2"]
[White "Lee, Alice"]
[Black "Krush, Irina"]
[Result "1/2-1/2"]
[ECO "D38"]
[WhiteElo "2362"]
[BlackElo "2432"]
[Annotator "TA"]
[PlyCount "133"]
[EventDate "2023.03.15"]
[EventType "k.o."]
[EventCountry "USA"]
[SourceTitle "playchess.com"]
[Source "ChessBase"]
[SourceQuality "1"]
[TimeControl "5400+30"]

1. d4 Nf6 2. c4 e6 3. Nf3 d5 4. Nc3 Bb4 5. Bg5 h6 6. Bxf6 Qxf6 7. Qa4+ Nc6 8. a3 Bxc3+ 9. bxc3 O-O 10. e3 dxc4 11. Bxc4 {[%emt 0:03:44] D38: Queen's Gambit Declined: Ragozin Defence (4 Nf3 Bb4).} Bd7 {[%emt 0:00:26][%cal Oc6d4] [#]} 12. O-O $146 ({Predecessor:} 12. Qc2 Na5 13. Bd3 c5 14. O-O Rac8 15. Qb2 Rfd8 16. Ne5 b6 17. f4 Ba4 18. f5 Qg5 {½-½ Dragun,K (2578)-Nihal,S (2572) Titled Tuesday intern op 5th Nov blitz 2019 (3)}) 12... Rfd8 13. Qc2 Na5 14. Be2 c5 15. Ne5 Rac8 16. Qb2 Qe7 17. f4 Be8 18. Rac1 f6 19. Nc4 Nxc4 20. Bxc4 Kh8 21. e4 Bc6 22. e5 f5 23. Bb3 Bd5 24. Rcd1 Bxb3 25. Qxb3 Rd5 26. dxc5 Qxc5+ 27. Kh1 Rcd8 ({Black should try} 27... b6 $17 28. Rxd5 Qxd5 29. Qxd5 exd5) 28. Rxd5 $15 Qxd5 29. Qxd5 Rxd5 {[%emt 0:00:03][%mdl 4096] Endgame KR-KR} 30. Kg1 Kg8 31. Rb1 b6 $1 32. Rb4 Rc5 {[%emt 0:02:17] Prevents Rc4.} 33. c4 g5 34. g3 Kf7 35. Kf2 gxf4 ({Black should play} 35... Kg6 $17 36. h4 gxh4 37. gxh4 Kh5) 36. gxf4 $11 Kg6 37. Kg3 Kh5 38. a4 Rc7 39. a5 bxa5 40. Ra4 Rb7 41. Rxa5 Rb3+ 42. Kf2 Kg4 43. Ra6 Rb6 44. Ra4 Rb2+ 45. Ke3 Rb3+ 46. Kd4 Kxf4 {[%emt 0:01:49] ...Rb1 is the strong threat.} 47. c5 {[%emt 0:00:05][%cal Oc5c6] [#] Hoping for c6!} Rb7 48. Ra6 Re7 49. Rd6 (49. c6 $5) 49... a5 50. c6 {[%emt 0:01:32] Rd8 would be deadly.} a4 51. Rd7 Re8 {[%emt 0:00:02] And now ...Rc8 would win.} 52. Ra7 Rc8 53. c7 a3 $2 {[%emt 0:00:20][%mdl 8192] [#]} 54. Kc5 $1 $18 {[%emt 0:00:01] Kd6 would kill now.} Kxe5 55. Kc6 f4 56. Rxa3 {[%emt 0:01:07] Intending Kb7 and mate.} Kf5 57. Ra5+ $2 (57. Kb7 $18 Rg8 58. Ra8 (58. c8=B Rg2 $11)) 57... Ke4 $2 (57... e5 $2 58. Kb7 Rg8 59. Ra8 $18 (59. c8=B+ Ke4 $11) (59. c8=R Rxc8 60. Kxc8 f3 $11)) (57... Kg4 $11) 58. Kd6 $2 ({Better is} 58. Kb7 $18 Rxc7+ 59. Kxc7) 58... f3 $11 {[%emt 0:01:04] Threatens to win with ...f2. The position is equal.} 59. Re5+ Kd3 60. Rxe6 Rxc7 61. Kxc7 {[%emt 0:00:07] KR-KPP} f2 62. Rf6 (62. Rxh6 f1=Q 63. Rd6+ Ke4 64. Re6+ Kd4 $19) 62... Ke2 63. Re6+ (63. Rxh6 f1=Q 64. Kd7 Qf5+ 65. Ke7 Qg5+ 66. Rf6 Ke3 $19) 63... Kd3 64. Rf6 (64. Rxh6 $2 {loses.} f1=Q 65. Kb6 Qf4 $19) 64... Ke2 65. Re6+ (65. Rxh6 $2 f1=Q 66. Kb6 Qb1+ 67. Ka6 Kd3 $19) 65... Kd3 66. Rf6 (66. Rxh6 f1=Q 67. Kb6 Qg1+ 68. Ka6 Qa1+ 69. Kb6 Qb2+ 70. Ka6 Kc4 71. Rc6+ Kd5 $19) 66... Ke2 67. Re6+ {[%emt 0:00:19] Black escapes into a draw.   Weighted Error Value: White=0.37/Black=0.08 (flawless)} (67. Rxh6 $2 {too greedy.} f1=Q 68. Kb6 Qf4 $19) 1/2-1/2

[Event "American Cup Women Champions 2023"]
[Site "Saint Louis"]
[Date "2023.03.22"]
[Round "3.3"]
[White "Lee, Alice"]
[Black "Krush, Irina"]
[Result "0-1"]
[ECO "D27"]
[WhiteElo "2362"]
[BlackElo "2432"]
[Annotator "TA"]
[PlyCount "144"]
[EventDate "2023.03.15"]
[EventType "k.o."]
[EventCountry "USA"]
[SourceTitle "playchess.com"]
[Source "ChessBase"]
[SourceQuality "1"]
[TimeControl "600+5"]

1. d4 d5 2. c4 dxc4 3. Nf3 Nf6 4. e3 e6 5. Bxc4 c5 6. O-O Nc6 7. dxc5 Qxd1 8. Rxd1 Bxc5 9. a3 a6 10. b4 Ba7 11. Bb2 Ke7 12. Nbd2 Bd7 13. Nb3 {[%emt 0:00:15] [#] D27: Queen's Gambit Accepted: Classical main line: 7 e4!? and 7 a4.} (13. Rab1 {simplifies} Rhc8 14. Bd3 Be8 15. Ne4) 13... Rhd8 $146 ({Predecessor:} 13... Rhc8 14. Bf1 Nd8 15. a4 Bc6 16. b5 axb5 17. axb5 Bd5 18. Nbd2 Bc5 19. Ne5 b6 20. Nd3 Bd6 21. Bd4 Rxa1 22. Rxa1 Rc2 23. Nf3 Nd7 24. Nfe1 {½-½ Nielsen,P (2515)-Hansen,S (2499) DEN-ch Aarhus 1999 (6)}) 14. Ne5 (14. Rdc1 $14) 14... Nxe5 $11 15. Bxe5 {[%emt 0:00:01] The position is equal.} Ba4 16. Rdb1 Rac8 (16... Ne4 $5 ) 17. Bf1 Rc2 (17... Ne4 $15) 18. Nc5 Bc6 (18... Ng4 $5 19. Bg3 (19. Bxg7 Rg8 $15) 19... Bc6 $11) 19. Rc1 Rxc1 20. Rxc1 Bxc5 $1 21. bxc5 Ne8 22. f3 f6 23. Bc3 Nc7 24. Ba5 Rd7 25. e4 Bb5 26. Bxb5 Nxb5 {[%emt 0:00:05][%mdl 4096] Endgame KRB-KRN} 27. c6 bxc6 28. Rxc6 Ra7 (28... Rd6 $11 29. Rc8 (29. Bb4 Kd7 $11) 29... Kf7) 29. a4 Nd4 30. Bb4+ Kf7 31. Rd6 Nc2 32. Bc5 (32. Ba5 $14) 32... Rc7 33. Bb6 Rc4 34. Rd7+ Kg6 35. a5 e5 36. Ra7 Nb4 37. h4 h5 38. Bc7 {[%emt 0:00:19] Hoping for Bd6.} Rc1+ 39. Kh2 Rc6 {[%emt 0:00:20] Against Bd6} 40. Bd8 Rc8 41. Bb6 Rc2 42. Kh3 Nd3 43. Rxa6 Nf4+ 44. Kh2 Nxg2 45. Ra8 $2 {[%emt 0:01:17][%mdl 8192] Now White is beyond hope.} (45. Kg3 $11) 45... Nxh4+ $19 46. Kg1 $2 (46. Kg3 Ng2 47. a6) 46... Nxf3+ 47. Kf1 Nd2+ 48. Ke1 Nxe4 49. a6 Nd6 50. Bf2 Nb5 51. Rb8 {[%emt 0:00:06] [#]} Ra2 $1 52. Rxb5 {[%emt 0:00:17] And now a7 would win.} Rxa6 {[%emt 0:00:03] KRB-KR} 53. Rb7 Ra4 54. Ke2 Rg4 55. Bc5 Kf5 56. Bf8 g5 57. Rb6 $2 (57. Rh7 h4 58. Rh6) 57... Rf4 58. Be7 Kg6 59. Bd6 Rf5 60. Rb7 (60. Rb8 $142 h4 61. Bc5) 60... g4 {[%emt 0:00:06] [#] Strongly threatening ...h4.} 61. Bc5 h4 62. Bf8 Rf4 63. Rg7+ Kf5 64. Rh7 h3 65. Rh5+ Ke4 66. Bc5 f5 67. Rh8 Rf3 68. Bd6 Rb3 69. Re8 Rb2+ (69... h2 $142 70. Bxe5 h1=Q 71. Bc3+ Kd5 72. Rd8+ Ke6 73. Rc8 Kd7 74. Rc4 g3 75. Rd4+ Ke6 76. Rc4 Qg2+ 77. Ke3 Qf2+ 78. Kd3 Qf1+ 79. Kd4 Qf3 80. Rc6+ Qxc6 81. Ke3 Qxc3+ 82. Ke2 Qd3+ 83. Ke1 Rb1#) 70. Kf1 h2 {[%emt 0:00:11][%cal Rh2h1] Black mates.} 71. Rh8 g3 72. Bc5 g2+ {[%emt 0:00:04] Weighted Error Value: White=0.53/Black=0.19 (very precise)} 0-1